 Dungeon Crawl Stone Soup version 0.26-a0-690-gcb57259078 (webtiles) character file.

Game seed: 9739106305650124460

310 marklar909 the Digger (level 6, -1/41 HPs)
             Began as a Formicid Earth Elementalist on Oct 24, 2020.
             Was an Initiate of Elyvilon.
             Killed from afar by an orc wizard (9 damage)
             ... with a puff of flame
             ... on level 3 of the Dungeon.
             The game lasted 00:06:46 (4661 turns).

marklar909 the Digger (Formicid Earth Elementalist) Turns: 4661, Time: 00:06:47

Health: -1/41      AC:  3    Str: 14    XL:     6   Next: 69%
Magic:  2/20       EV: 12    Int: 15    God:    Elyvilon [......]
Gold:   87         SH:  0    Dex: 11    Spells: 8/12 levels left

rFire    . . .     SeeInvis +   o - +0 whip
rCold    . . .     Faith    .   (no shield)
rNeg     . . .     Spirit   .   c - +0 robe
rPois    .         Reflect  .   (helmet unavailable)
rElec    .         Harm     .   (no cloak)
rCorr    .         Rampage  .   (no gloves)
MR       .....                  b - +0 pair of boots
Stlth    ++........             f - amulet of the acrobat
HPRegen  0.13/turn              i - ring of magical power
MPRegen  0.17/turn              (no ring)

@: no status effects
A: permanent stasis, dig shafts and tunnels, four strong arms, antennae 3
a: Dig, Shaft Self, Renounce Religion


You were on level 3 of the Dungeon.
You worshipped Elyvilon.
Elyvilon was noncommittal.
You visited 1 branch of the dungeon, and saw 4 of its levels.

You collected 87 gold pieces.

Inventory:

Hand Weapons
 o - a +0 whip (weapon)
Armour
 b - a +0 pair of boots (worn)
 c - a +0 robe (worn)
Jewellery
 f - an amulet of the acrobat (around neck)
 i - a ring of magical power (left hand)
Scrolls
 e - 6 scrolls of remove curse
 g - a scroll of amnesia {unknown}
 j - a scroll of random uselessness {unknown}
 m - a scroll of enchant weapon {unknown}
 n - a scroll of noise {unknown}
 p - a scroll of enchant armour {unknown}
Potions
 a - 2 potions of mutation {unknown}
 d - 2 potions of curing {unknown}
 h - a potion of cancellation {unknown}
 k - 2 potions of lignification {unknown}
 l - a potion of invisibility
 r - a potion of degeneration {unknown}


   Skills:
 + Level 1.9 Dodging
 + Level 2.9 Stealth
 + Level 3.9 Spellcasting
 * Level 2.0 Conjurations
   Level 1.1 Transmutations
 * Level 6.4 Earth Magic


You had 8 spell levels left.
You knew the following spells:

 Your Spells              Type           Power        Failure   Level
a - Sandblast             Erth           ###...       1%          1
b - Stone Arrow           Conj/Erth      ###...       10%         3

Your spell library contained the following spells:

 Spells                   Type           Power        Failure   Level
 Passwall                 Tmut/Erth      ##......     6%          2
 Lee's Rapid Deconstruct  Erth           ###.......   34%         5
 Petrify                  Tmut/Erth      ##......     36%         4


Dungeon Overview and Level Annotations

Branches:
Dungeon (4/15)
 Temple: D:4-7

Altars:
Elyvilon
Ru
Trog

Shops:
D:4 (

Annotations:
D:3 1 runed translucent door, RandomCharacter's ghost, amateur DEAr


Innate Abilities, Weirdness & Mutations

You cannot be hasted, slowed, berserked, paralysed or teleported.
You can dig through walls and to a lower floor.
Your four strong arms can wield two-handed weapons with a shield.
You have a pair of large antennae on your head. (SInv)


Message History

The orc wizard is almost dead.
The orc wizard begins to cast a cantrip, but forgets the words! x2
Unknown command.
You completely miss the orc wizard.
The orc wizard is severely wounded.
The orc wizard barely misses you.
Unknown command.
You closely miss the orc wizard.
The orc wizard is severely wounded.
The orc wizard closely misses you.
The orc wizard hits you with a +0 dagger.
* * * LOW HITPOINT WARNING * * *
Unknown command.
You closely miss the orc wizard.
The orc wizard is severely wounded.
The orc wizard hits you with a +0 dagger.
* * * LOW HITPOINT WARNING * * *
The orc wizard points at you and mumbles some strange words.
The puff of flame hits you!
You die...

########...#
#....(.#...#
#......#....
#......#....
######.####. ### #.# ###
###8##############.###..
#._._.#.........##.##...
##...##@o.......##.##..#
#⌠.⌠##.........##.#....
##'##...............##.
#.##.............##...
#..............#.##.##
####...........#.(..#
#..........##..###
#...........#..#
#...........#..#


You could see an orc wizard (fast).

Vanquished Creatures
  3 orc wizards
  Natasha (twice) (D:4)
  4 gnolls (D:3)
  4 adders
  An ooze (D:3)
  4 worms
  6 dart slugs
  2 leopard geckos (D:2)
  4 orcs
  3 ball pythons
  8 bats
  2 giant cockroaches
  4 goblins
  5 hobgoblins
  7 kobolds
  3 quokkas
  8 frilled lizards
  7 rats
77 creatures vanquished.

Notes
Turn   | Place    | Note
-------+----------+-------------------------------------------
     0 | D:1      | marklar909 the Formicid Earth Elementalist began the quest
                  | for the Orb.
     0 | D:1      | Reached XP level 1. HP: 13/13 MP: 3/3
     2 | D:1      | Noticed an elf
     2 | D:1      | Noticed an octopode
     4 | D:1      | Noticed a vampire
     4 | D:1      | Noticed a human
     6 | D:1      | Noticed a demigod
     6 | D:1      | Noticed a minotaur
     8 | D:1      | Noticed a ghoul
     8 | D:1      | Noticed a troll
    10 | D:1      | Noticed a merfolk
    12 | D:1      | Noticed an ogre
    12 | D:1      | Noticed a formicid
    14 | D:1      | Noticed a naga
    14 | D:1      | Noticed a draconian
    16 | D:1      | Noticed a centaur
    16 | D:1      | Noticed a dwarf
    18 | D:1      | Noticed a halfling
    18 | D:1      | Noticed a gargoyle
    20 | D:1      | Noticed a spriggan
    20 | D:1      | Noticed a demonspawn
    22 | D:1      | Noticed a tengu
    22 | D:1      | Noticed a felid
    24 | D:1      | Noticed a vine stalker
   281 | D:1      | Reached skill level 4 in Earth Magic
   281 | D:1      | Reached XP level 2. HP: 12/19 MP: 3/5
   778 | D:1      | Reached XP level 3. HP: 24/24 MP: 3/6
   898 | D:1      | Learned a level 3 spell: Stone Arrow
  1424 | D:2      | Reached XP level 4. HP: 30/30 MP: 3/8
  1887 | D:2      | Reached skill level 5 in Earth Magic
  2260 | D:2      | Reached skill level 1 in Conjurations
  2946 | D:3      | Found a runed translucent door.
  2946 | D:3      | Noticed RandomCharacter's ghost (amateur DEAr)
  2948 | D:3      | Reached XP level 5. HP: 35/35 MP: 9/9
  3643 | D:3      | Found a sacrificial altar of Ru.
  3774 | D:3      | Found a white marble altar of Elyvilon.
  3774 | D:3      | Found a bloodstained altar of Trog.
  3797 | D:3      | Became a worshipper of Elyvilon the Healer
  3809 | D:4      | Found Gyty's Weapon Emporium.
  3815 | D:4      | Noticed Natasha
  3826 | D:3      | Reached XP level 6. HP: 24/41 MP: 11/11
  3833 | D:3      | Reached skill level 6 in Earth Magic
  4249 | D:4      | Killed Natasha
  4388 | D:4      | Noticed Natasha
  4399 | D:4      | Killed Natasha
  4646 | D:4      | Noticed an ogre
  4661 | D:3      | Killed from afar by an orc wizard

Illustrated notes

Levels and vault maps discovered:
D:1:      kb_arrival_jail, layout_basic
D:2:      layout_loops_ring, minivault_19
D:3:      layout_rooms, gammafunk_temple_overflow_statue, lemuel_round_altar,
          gammafunk_ghost_grave
D:4:      layout_cave_pools, kennysheep_mini, grunt_dithmenos_smoke,
          gammafunk_ghost_nasty_kobolds, serial_shops, shop, minmay_pentangle,
          uniq_natasha

Skill      XL: |  1  2  3  4  5  6 |
---------------+-------------------+-----
Earth Magic    | 4 5 6 |  6.4
Conjurations   | 1 2 |  2.0
Spellcasting   | 3 |  3.9
Dodging        | |  1.9
Stealth        | |  2.9
Transmutations | |  1.1

Action                   |  1- 3 |  4- 6 || total
-------------------------+-------+-------++-------
Melee: Unarmed           |     1 |     7 ||     8
       Whip              |       |    14 ||    14
 Cast: Sandblast         |    45 |    37 ||    82
       Stone Arrow       |       |    61 ||    61
 Abil: Dig               |     1 |       ||     1
  Use: Scroll            |       |     2 ||     2
Armor: Robe              |     1 |    13 ||    14
Dodge: Dodged            |    11 |    32 ||    43

Table legend: (Time is in decaauts)
 A = Elapsed time spent in this place.
 B = Non-inter-level travel time spent in this place.
 C = Inter-level travel time spent in this place.
 D = Time resting spent in this place.
 E = Time spent auto-exploring this place.
 F = Levels seen in this place.
 G = Mean time per level.
                   A        B        C        D        E       F      G
               +--------+--------+--------+--------+--------+-----+--------+
         Total |   4670 |   4522 |    148 |   1265 |   2682 |   4 | 1167.5 |
       Dungeon |   4670 |   4522 |    148 |   1265 |   2682 |   4 | 1167.5 |
               +--------+--------+--------+--------+--------+-----+--------+

Top non-repeatable levels by time:
     D:3: 1692 daAuts
     D:2: 1553 daAuts
     D:1: 1322 daAuts
     D:4: 102 daAuts
